 Dungeon Crawl Stone Soup version 0.25.1-2-g60ff931df9 (webtiles) character file.

Game seed: 13929614680080663209

3114 DogServant the Nimble (level 9, -1/70 (71) HPs)
             Began as a Merfolk Transmuter on Nov 10, 2020.
             Was a Believer of Makhleb.
             Slain by an orc wizard
             ... wielding a +0 dagger
              (2 damage)
             ... on level 9 of the Dungeon.
             The game lasted 00:14:17 (9695 turns).

DogServant the Nimble (Merfolk Transmuter)          Turns: 9695, Time: 00:14:17

HP:   -1/70 (71)    AC:  7    Str: 12    XL:     9   Next: 91%
MP:   2/12          EV: 19    Int: 19    God:    Makhleb [**....]
Gold: 168           SH:  0    Dex: 15    Spells: 1/12 levels left

rFire    + . .     SeeInvis .     - Unarmed
rCold    + . .     Gourm    .   (shield currently unavailable)
rNeg     . . .     Faith    .   y - +1 steam dragon scales
rPois    .         Spirit   .   (no helmet)
rElec    .         Reflect  .   t - scarf {rC+ rF+}
rCorr    .         Harm     .   (gloves currently unavailable)
MR       .....                  j - +0 pair of boots
Stlth    +.........             (no amulet)
HPRegen  0.21/turn              w - ring of wizardry
MPRegen  0.13/turn              B - +6 ring of intelligence

@: blade hands
A: change form in water, swift swim, stealthy swim
a: End Transformation, Minor Destruction, Renounce Religion


You were on level 9 of the Dungeon.
You worshipped Makhleb.
Makhleb was pleased with you.
You were near starving.
You had blades for hands.
You visited 1 branch of the dungeon, and saw 9 of its levels.

You collected 408 gold pieces.
You spent 240 gold pieces at shops.

Inventory:

Missiles
 a - 208 arrows
 h - 11 poisoned darts (quivered)
 k - 7 atropa-tipped darts
Armour
 j - a +0 pair of boots (worn)
 t - a scarf of resistance (worn)
 y - +1 steam dragon scales (worn)
Jewellery
 o - an uncursed ring of protection from cold
 w - a ring of wizardry (left scythe-like blade)
 B - a +6 ring of intelligence (right scythe-like blade)
Wands
 s - a wand of random effects (11)
 D - a wand of digging (4)
Scrolls
 c - a scroll of summoning {unknown}
 p - 2 scrolls of remove curse
 r - 4 scrolls of teleportation
 u - a scroll of enchant armour {unknown}
 v - a scroll of blinking
 C - a scroll of enchant weapon
Potions
 f - 2 potions of resistance
 g - 2 potions of mutation
 i - 6 potions of curing
 l - a potion of ambrosia
 n - 3 potions of might
 q - 3 potions of flight
 x - a potion of stabbing {unknown}
 z - 4 potions of brilliance {unknown}
 A - a potion of cancellation {unknown}
Comestibles
 d - 8 rations


   Skills:
 + Level 6.6 Fighting
 * Level 10.7 Dodging
 - Level 8.0 Unarmed Combat
 + Level 2.3 Spellcasting
 + Level 8.2 Transmutations


You had one spell level left.
You knew the following spells:

 Your Spells              Type           Power        Failure   Level  Hunger
a - Beastly Appendage     Tmut           ####..       4%          1    #......
b - Sticks to Snakes      Tmut           ####....     6%          2    ##.....
c - Spider Form           Tmut/Pois      ###.......   19%         3    ###....
d - Blade Hands           Tmut           ####......   26%         5    ######.

Your spell library contained the following spells:

 Spells                   Type           Power        Failure   Level  Hunger
 Animate Skeleton         Necr           N/A          26%         1    #......
 Apportation              Tloc           #.....       26%         1    #......
 Corona                   Hex            #......      26%         1    #......
 Summon Small Mammal      Summ           #...         26%         1    #......
 Ice Form                 Ice/Tmut       ###.....     38%         4    #####..


Dungeon Overview and Level Annotations

Branches:
Dungeon (9/15)             Temple (0/1) D:6
   Lair: D:8-11         Orc: D:9-12

Altars:
Ashenzari
Cheibriados
Dithmenos
Elyvilon
Gozag
Hepliaklqana
Makhleb
Qazlal
Uskayaw
Wu Jian
Xom
Yredelemnul
Zin

Shops:
D:7 *   D:8 *

Annotations:
D:2 1 runed translucent door, Crazy Yiuf


Message History

The centaur shoots an arrow.
The arrow misses you. Something hits you.
* * * LOW HITPOINT WARNING * * *
The centaur shoots an arrow.
The arrow hits you!
* * * LOW HITPOINT WARNING * * *
The centaur skeleton barely misses you.
The centaur unwields a +0 shortbow.
The centaur closely misses you.
Items here: ( )) † a +0 giant club; a +0 shortbow; 13 arrows; a centaur corpse You hit the centaur.
The centaur is lightly wounded.
The centaur skeleton closely misses you.
The centaur hits you.
* * * LOW HITPOINT WARNING * * *
Something barely misses you.
You slash the centaur!
The centaur is severely wounded.
The centaur skeleton misses you. The centaur hits you!
* * * LOW HITPOINT WARNING * * *
Something hits you.
You die...

......≈≈≈≈≈≈≈≈≈
....≈≈≈≈≈≈≈≈≈
#..≈≈≈≈≈≈≈≈≈
#.#.;≈≈≈≈≈≈.
#...<≈≈≈≈≈..
#..(#.≈≈≈##.
#...#.#≈#...
#cZ(.......#
#@#.........
#(#....####.
#.#...##....
#.#...#....
......#..##
#(#..c#..#.
#(#.#..oF.. #.#
#.[


You could see a centaur, an electric eel and a centaur skeleton.

Vanquished Creatures
  Maggie (D:6)
  Edmund (D:6)
  2 phantoms
  A sky beast (D:6)
  A necrophage (D:5)
  4 centaurs
  3 ice beasts
  4 ogres
  2 bullfrogs (D:6)
  5 wights (D:6)
  A howler monkey (D:4)
  A jelly (D:9)
  3 crimson imps
  3 centaur zombies
  2 bullfrog skeletons (D:7)
  3 orc priests (D:4)
  4 hounds
  2 orc wizards (D:4)
  An iguana (D:4)
  6 worker ants
  A howler monkey zombie (D:5)
  A worker ant zombie (D:7)
  A howler monkey skeleton (D:7)
  8 gnolls
  7 adders
  A shadow imp (D:7)
  2 adder skeletons
  3 worms
  A dart slug (D:1)
  5 leopard geckos
  16 orcs
  8 giant cockroaches
  9 goblins
  9 hobgoblins
  14 jackals
  7 kobolds
  4 quokkas
  4 ball pythons
  A ball python skeleton (D:4)
  3 bats
  A frilled lizard (D:2)
  A quokka zombie (D:5)
  11 rats
168 creatures vanquished.

Vanquished Creatures (collateral kills)
  Terence (D:2)
  An orc wizard (D:5)
2 creatures vanquished.

Vanquished Creatures (others)
  An adder (D:9)
1 creature vanquished.

Grand Total: 171 creatures vanquished

Notes
Turn   | Place    | Note
-------+----------+-------------------------------------------
     0 | D:1      | DogServant the Merfolk Transmuter began the quest for the
                  | Orb.
     0 | D:1      | Reached XP level 1. HP: 15/15 MP: 3/3
   177 | D:1      | Reached skill level 3 in Dodging
   179 | D:1      | Reached XP level 2. HP: 19/21 MP: 3/5
   239 | D:1      | Learned a level 2 spell: Sticks to Snakes
   864 | D:2      | Found a basalt altar of Yredelemnul.
   866 | D:2      | Found a hazy altar of Hepliaklqana.
   873 | D:2      | Found an ornate altar of the Wu Jian Council.
   873 | D:2      | Found a glowing silver altar of Zin.
   881 | D:2      | Reached XP level 3. HP: 23/26 MP: 4/6
  1014 | D:2      | HP: 1/26 [poisoned by an adder]
  1556 | D:2      | Found a runed translucent door.
  1557 | D:2      | Noticed Crazy Yiuf
  1624 | D:2      | Noticed Terence
  1648 | D:2      | Killed Terence
  1648 | D:2      | Reached skill level 4 in Dodging
  1648 | D:2      | Reached XP level 4. HP: 29/32 MP: 4/7
  2111 | D:2      | Learned a level 3 spell: Spider Form
  3183 | D:3      | Reached XP level 5. HP: 13/37 MP: 6/8
  4338 | D:3      | Found a stormy altar of Qazlal.
  4338 | D:3      | Found a shadowy altar of Dithmenos.
  4770 | D:4      | Reached skill level 5 in Dodging
  4770 | D:4      | Reached skill level 5 in Unarmed Combat
  4770 | D:4      | Reached skill level 5 in Transmutations
  4770 | D:4      | Reached XP level 6. HP: 28/43 MP: 6/9
  5260 | D:4      | Reached XP level 7. HP: 30/48 MP: 3/10
  5985 | D:4      | Found a shimmering altar of Xom.
  5985 | D:4      | Found a burning altar of Makhleb.
  5990 | D:4      | Became a worshipper of Makhleb the Destroyer
  6298 | D:5      | Entered Level 5 of the Dungeon
  6683 | D:5      | Reached XP level 8. HP: 33/55 MP: 8/11
  6778 | D:5      | Reached skill level 6 in Dodging
  7136 | D:5      | Reached * piety under Makhleb
  7207 | D:5      | Reached skill level 7 in Dodging
  7457 | D:6      | Found a white marble altar of Elyvilon.
  7471 | D:6      | Reached skill level 5 in Fighting
  7510 | D:6      | Reached skill level 8 in Dodging
  7539 | D:6      | Noticed Maggie
  7567 | D:6      | Learned a level 5 spell: Blade Hands
  7604 | D:6      | Killed Maggie
  7604 | D:6      | Reached XP level 9. HP: 31/67 MP: 7/12
  7800 | D:6      | Noticed Edmund
  7812 | D:6      | Killed Edmund
  7812 | D:6      | Reached skill level 9 in Dodging
  8385 | D:6      | Found a staircase to the Ecumenical Temple.
  8834 | D:7      | Found a snail-covered altar of Cheibriados.
  8837 | D:7      | Found a hide-covered altar of Uskayaw.
  8840 | D:7      | Found an opulent altar of Gozag.
  9122 | D:7      | Reached skill level 10 in Dodging
  9341 | D:7      | Found a shattered altar of Ashenzari.
  9451 | D:7      | Found Ynuxteman's Assorted Antiques.
  9494 | D:7      | Bought a shiny copper ring for 120 gold pieces
  9494 | D:7      | Bought a twisted fluorescent wand for 96 gold pieces
  9494 | D:7      | Bought a scroll labeled PENOEJ DIUSM for 24 gold pieces
  9562 | D:8      | Noticed a two-headed ogre
  9572 | D:8      | Found Ulagyik's Assorted Antiques.
  9692 | D:9      | Reached ** piety under Makhleb
  9695 | D:9      | HP: 1/70 [centaur (7)]
  9695 | D:9      | Slain by an orc wizard

Illustrated notes

Levels and vault maps discovered:
D:1:      dpeg_arrival_boxorama, layout_rooms, chequers_mini_garden,
          minmay_pentomino_t2
D:2:      layout_loops_corners, grunt_temple_overflow_open, dk_noncrumbling_3,
          uniq_crazy_yiuf_cottage, uniq_terence
D:3:      layout_loops_cross, gammafunk_temple_overflow_wave, first_ration
D:4:      layout_basic, grunt_temple_overflow_champion_of_chaos,
          portal_sewer_entry_f
D:5:      layout_rooms, minmay_joined_circles
D:6:      layout_basic, elyvilon_altar_5, minmay_temple_entry_statues_fountains,
          uniq_edmund, uniq_maggie
D:7:      cheibrodos_quashed, layout_rooms, old_standard_altar,
          grunt_temple_overflow_diamond, serial_shops, shop
D:8:      layout_basic, gammafunk_ghost_mausoleum, serial_shops, shop
D:9:      nicolae_whirlpool, layout_basic, david_orc_5,
          biasface_ghost_orc_armoury, minmay_radiant

Skill      XL: |  1  2  3  4  5  6  7  8  9 |
---------------+----------------------------+-----
Dodging        | 3 4 5 8 10 | 10.7
Transmutations | 3 4 5 6 7 8 |  8.2
Unarmed Combat | 4 5 7 8 |  8.0
Fighting       | 2 5 6 |  6.6
Spellcasting   | |  2.3

Action                   |  1- 3 |  4- 6 |  7- 9 || total
-------------------------+-------+-------+-------++-------
Melee: Unarmed           |    88 |   197 |   295 ||   580
       Headbutt          |    11 |    18 |    12 ||    41
       Punch             |     2 |     4 |     6 ||    12
Throw: Dart              |       |     2 |       ||     2
 Cast: Beastly Appendage |    22 |    24 |     9 ||    55
       Sticks to Snakes  |     1 |     1 |     1 ||     3
       Spider Form       |       |     9 |    16 ||    25
       Blade Hands       |       |       |    18 ||    18
  Use: Scroll            |     1 |     5 |    11 ||    17
 Stab: Sleeping          |       |     1 |     5 ||     6
  Eat: Chunk             |     3 |     6 |    16 ||    25
       Ration            |       |     2 |     2 ||     4
Armor: Robe              |    11 |    24 |     5 ||    40
       Skin              |       |     2 |     3 ||     5
       Steam dragon scal |       |       |    14 ||    14
Dodge: Dodged            |    61 |   182 |   245 ||   488
